 Dungeon Crawl Stone Soup version 0.32-a0-931-g5a2cda0630 (webtiles) character file.

Game seed: 6487443959808119576

4670 croobank the Chiller (level 10, -2/75 HPs)
             Began as a Demonspawn Ice Elementalist on Apr 13, 2024.
             Was a Believer of Kikubaaqudgha.
             Constricted to death by Erica (3 damage)
             ... on level 9 of the Dungeon on Apr 14, 2024.
             The game lasted 00:23:21 (7830 turns).

croobank the Chiller (Demonspawn Ice Elementalist)  Turns: 7830, Time: 00:23:21

Health: -2/75      AC: 13    Str:  8    XL:     10   Next: 21%
Magic:  19/19      EV:  3    Int: 23    God:    Kikubaaqudgha [**....]
Gold:   317        SH:  0    Dex: 15    Spells: 17/21 levels left

rFire   . . .        w - +6 long sword of the Imbibing Ancients {flame, +Blink Int+2}
rCold   . . .        (no shield)
rNeg    . . .        g - +5 leather armour "Uwankihi" {rElec Will+ Int+2}
rPois   .            r - +1 helmet
rElec   +            j - +0 cloak
rCorr   .            D - +0 pair of gloves
SInv    +            E - +0 pair of boots
Will    +....        J - amulet of the acrobat
Stlth   +++          v - ring of see invisible
HPRegen 0.32/turn    (no ring)
MPRegen 0.16/turn

%: acrobat
@: mighty, lethally poisoned (-2 -> -7), constricted
A: foul stench 3, powered by death 2
a: Renounce Religion, Evoke Blink, Unearth Wretches


You were on level 9 of the Dungeon.
You worshipped Kikubaaqudgha.
Kikubaaqudgha was pleased with you.
You visited 2 branches of the dungeon, and saw 10 of its levels.

You collected 317 gold pieces.

Inventory:

Hand Weapons
 d - a +0 long sword
 e - a +0 hand axe
 l - a +1 dagger of pain
 w - the +6 long sword of the Imbibing Ancients (weapon) {flame, +Blink Int+2}
   (You found it on level 3 of the Dungeon)

   Int+2:     It affects your intelligence (+2).
   +Blink:    It lets you blink.
 y - a +0 war axe
 C - a +3 dagger
Missiles
 i - 6 poisoned darts
 t - 13 boomerangs
Armour
 a - a +1 robe of fire resistance
 g - the +5 leather armour "Uwankihi" (worn) {rElec Will+ Int+2}
   (You found it on level 8 of the Dungeon)

   Int+2:     It affects your intelligence (+2).
   rElec:     It insulates you from electricity.
   Will+:     It increases your willpower.
 h - an orb of wrath
 j - a +0 cloak (worn)
 r - a +1 helmet (worn)
 D - a +0 pair of gloves (worn)
 E - a +0 pair of boots (worn)
Magical Staves
 q - a staff of alchemy
Jewellery
 v - a ring of see invisible (left hand)
 J - an amulet of the acrobat (around neck)
Talismans
 x - a dragon-blood talisman
Wands
 m - a wand of light (6)
 A - a wand of mindburst (8)
Scrolls
 f - a scroll of blinking
 u - 2 scrolls of noise
 I - a scroll of fog
 K - a scroll of identify
Potions
 b - a potion of magic
 c - a potion of might
 k - a potion of cancellation
 n - 2 potions of enlightenment
 p - a potion of attraction
 s - a potion of haste
 z - a potion of berserk rage {unknown}
 B - a potion of ambrosia {unknown}
 F - 2 potions of lignification
 G - a potion of resistance {unknown}
 H - a potion of heal wounds {unknown}
 L - a potion of mutation {unknown}
 M - a potion of invisibility {unknown}


   Skills:
 + Level 5.6 Fighting
 + Level 5.0 Long Blades
 + Level 0.0 Armour
 + Level 6.1 Dodging
 + Level 6.6 Stealth
 + Level 6.0 Spellcasting
 + Level 6.8 Ice Magic


You had 17 spell levels left.
You knew the following spells:

 Your Spells              Type           Power      Damage    Failure   Level
a - Freeze                Ice            100%       1d10      1%          1
b - Frozen Ramparts       Ice            76%        1d12      2%          3

Your spell library contained the following spells:

 Spells                   Type           Power      Damage    Failure   Level
 Ozocubu's Armour         Ice            38%        N/A       2%          3
 Summon Ice Beast         Ice/Summ       22%        N/A       9%          3
 Foxfire                  Conj/Fire      24%        2x1d5     12%         1
 Kiss of Death            Conj/Necr      24%        2d7       12%         1
 Necrotise                Necr           24%        1d5       12%         1
 Cigotuvi's Dreadful Rot  Necr/Alch/Air  12%        N/A       19%         2
 Confusing Touch          Hex            6%         N/A       36%         3
 Fugue of the Fallen      Necr           6%         N/A       36%         3
 Dispel Undead            Necr           6%         3d8       77%         4
 Summon Blazeheart Golem  Fire/Summ      6%         N/A       77%         4
 Starburst                Conj/Fire      3%         6d3       100%        6
 Ignition                 Fire           3%         3d4       100%        8


Dungeon Overview and Level Annotations

Branches:
Dungeon (9/15)             Temple (1/1) D:4
   Lair: D:8-11         Orc: D:9-12

Altars:
Ashenzari
Cheibriados
Fedhas
Gozag
Kikubaaqudgha
Makhleb
Nemelex Xobeh
Okawaru
Qazlal
Ru
Sif Muna
Trog
Uskayaw
Vehumet
Wu Jian
Yredelemnul

Shops:
D:6 [

Annotations:
D:9 Erica


Innate Abilities, Weirdness & Mutations

You frequently emit foul miasma when damaged in melee.
You regenerate health from kills.


Message History

Erica zaps a wand.
You resist with almost no effort.
You barely miss Erica.
Erica is lightly wounded.
Erica casts a spell at you. The bolt of poison hits you!
You are poisoned.
You slash Erica!
Erica is moderately wounded.
You feel very sick.
Erica zaps a wand.
You resist with almost no effort.
You slash Erica! You burn Erica.
Erica is heavily wounded.
You feel very sick. Erica misses you. Erica grabs you. Erica constricts you.
You barely miss Erica.
Erica is heavily wounded.
You feel very sick.
Erica says, "I'm so much better than you."
Erica hits you but does no damage. Erica constricts you.
You slash Erica! You burn Erica.
Erica is severely wounded.
You feel sick. Erica hits you but does no damage. Erica constricts you.
* * * LOW HITPOINT WARNING * * *
You slash Erica! You burn Erica.
Erica is almost dead.
You feel sick.
Erica hits you with a +0 scimitar of flaming.
* * * LOW HITPOINT WARNING * * *
Erica burns you.
* * * LOW HITPOINT WARNING * * *
Erica constricts you.
* * * LOW HITPOINT WARNING * * *
Erica hits you with a +0 scimitar of flaming.
* * * LOW HITPOINT WARNING * * *
Erica burns you.
* * * LOW HITPOINT WARNING * * *
You emit a cloud of foul miasma!
Erica constricts you.
You die...
Erica begins burbling mirthfully and uncontrollably.
Kikubaaqudgha rasps: You have failed me!
Welcome... death!

...# .....
# ##. ...#
..#..#.
...#
.......
..##
#..>###
#...#
##...##..#
#.....@x#
#..#...##
##......#
#..)..#.#
##...###.#
#...## #..
##.## ..##
#.###..##
##.....#


You could see Erica (invisible).

Vanquished Creatures
  Gastronok (D:8)
  Jeremiah (D:6)
  A hornet (D:7)
  A troll (D:5)
  3 wyverns
  A water moccasin (D:8)
  2 black bears (D:5)
  2 orc warriors
  2 sky beasts (D:7)
  An ogre (D:6)
  2 centaurs
  A bullfrog (D:7)
  4 scorpions
  9 wights
  A howler monkey (D:6)
  2 jellies
  5 orc priests
  A hound (D:4)
  A sleepcap (D:6)
  Ijyb (D:3)
  3 iguanas
  4 orc wizards
  Natasha (twice) (D:2)
  Robin (D:3)
  6 gnolls
  7 adders
  A shadow imp (D:8)
  4 white imps
  A dart slug (D:1)
  3 ribbon worms
  26 orcs
  6 endoplasms
  2 giant cockroaches
  10 goblins
  10 hobgoblins
  7 jackals
  3 quokkas
  5 ball pythons
  6 bats
  2 frilled lizards
  5 kobolds
  4 rats
160 creatures vanquished.

Notes
Turn   | Place    | Note
-------+----------+-------------------------------------------
     0 | D:1      | croobank the Demonspawn Ice Elementalist began the quest
                  | for the Orb.
     0 | D:1      | Reached XP level 1. HP: 13/13 MP: 3/3
   187 | D:1      | Gained mutation: You may rarely emit foul miasma when
                  | damaged in melee. [demonic ancestry]
   187 | D:1      | Reached XP level 2. HP: 10/19 MP: 0/5
   431 | D:1      | Found a faded altar of an unknown god.
   914 | D:1      | Reached XP level 3. HP: 8/24 MP: 4/6
  1112 | D:2      | Learned a level 3 spell: Frozen Ramparts
  1593 | D:2      | Reached XP level 4. HP: 20/30 MP: 3/7
  1690 | D:2      | Noticed Natasha
  1698 | D:2      | Killed Natasha
  1889 | D:2      | Noticed Natasha
  1909 | D:2      | Killed Natasha
  2170 | D:2      | Gained mutation: You sometimes emit foul miasma when
                  | damaged in melee. [demonic ancestry]
  2170 | D:2      | Reached XP level 5. HP: 35/35 MP: 5/9
  2262 | D:3      | Noticed Robin
  2277 | D:3      | Killed Robin
  2322 | D:3      | Noticed Ijyb
  2336 | D:3      | Killed Ijyb
  2455 | D:3      | Got the Incunable of Friendly Ignition
  2628 | D:3      | You fall into a shaft and drop 2 floors!
  2628 | D:5      | Entered Level 5 of the Dungeon
  2767 | D:3      | Identified the +6 long sword of the Imbibing Ancients
                  | {flame, +Blink Int+2}
  2794 | D:3      | Gained mutation: You regenerate a little health from kills.
                  | [demonic ancestry]
  2794 | D:3      | Reached XP level 6. HP: 38/42 MP: 5/10
  3025 | D:4      | Reached skill level 1 in Fighting
  3179 | D:4      | Found a broken altar of Ashenzari.
  3542 | D:4      | Noticed a wyvern
  3554 | D:4      | Killed a wyvern
  3555 | D:4      | Reached skill level 1 in Long Blades
  3555 | D:4      | Gained mutation: You frequently emit foul miasma when
                  | damaged in melee. [demonic ancestry]
  3555 | D:4      | Reached XP level 7. HP: 19/49 MP: 5/12
  3899 | D:4      | Found a staircase to the Ecumenical Temple.
  3955 | Temple   | Entered the Ecumenical Temple
  3969 | Temple   | Became a worshipper of Kikubaaqudgha
  4287 | D:5      | Reached skill level 5 in Ice Magic
  4583 | D:5      | Found an opulent altar of Gozag.
  4680 | D:5      | Noticed a troll
  4691 | D:5      | Killed a troll
  4692 | D:5      | Gained mutation: You regenerate health from kills. [demonic
                  | ancestry]
  4692 | D:5      | Reached XP level 8. HP: 10/57 MP: 10/14
  4965 | D:5      | Found a basalt altar of Yredelemnul.
  4985 | D:5      | Found a sparkling altar of Nemelex Xobeh.
  5392 | D:6      | Noticed Jeremiah
  5421 | D:6      | Killed Jeremiah
  5422 | D:6      | Reached skill level 5 in Stealth
  5426 | D:6      | Reached * piety under Kikubaaqudgha
  5426 | D:6      | Received a gift from Kikubaaqudgha
  5552 | D:6      | Found a bloodstained altar of Trog.
  5573 | D:6      | Found Maogas's Armour Boutique.
  5706 | D:6      | Found a sacrificial altar of Ru.
  6099 | D:7      | Reached XP level 9. HP: 65/65 MP: 16/16
  6192 | D:7      | Reached skill level 5 in Spellcasting
  6197 | D:7      | Reached skill level 5 in Dodging
  6873 | D:8      | Reached skill level 5 in Fighting
  6993 | D:8      | Noticed Gastronok
  7018 | D:8      | Reached ** piety under Kikubaaqudgha
  7025 | D:8      | Killed Gastronok
  7026 | D:8      | Reached XP level 10. HP: 31/74 MP: 18/18
  7368 | D:8      | Reached skill level 5 in Long Blades
  7452 | D:8      | Found an ornate altar of the Wu Jian Council.
  7558 | D:8      | Identified the +5 leather armour "Uwankihi" {rElec Will+
                  | Int+2}
  7813 | D:9      | Noticed Erica
  7830 | D:9      | HP: 3/75 [Erica/+0 scimitar of flaming (4)]
  7830 | D:9      | HP: 1/75 [Erica/+0 scimitar of flaming (2)]
  7830 | D:9      | Constricted to death by Erica

Illustrated notes

Levels and vault maps discovered:
D:1:      minmay_arrival_split_and_join, layout_loops_cross,
          hellmonk_ecumenical_altar_arch_garden
D:2:      layout_rooms, serial_glass, glass_columns_c, glass_columns_a,
          due_unseen_surprise, feat_on_display, kennysheep_donut,
          kennysheep_generic_room_4, uniq_natasha
D:3:      layout_basic, uniq_ijyb, uniq_robin
D:4:      layout_loops_ring, cheibrodos_ashenzari_chains,
          minmay_temple_entry_statues_pillars, patterned_corridor
D:5:      black_bear_nest_2, layout_basic, nicolae_overflow_hidden_temple
D:6:      layout_loops_cross, trog_three_pillars_becter,
          nicolae_ru_great_annihilating_truth, serial_shops,
          nicolae_shop_tiny_waterfront, uniq_jeremiah
D:7:      layout_loops_ring, dk_noncrumbling_3, amcnicky_mini_pool_small,
          minmay_splitting_lines
D:8:      layout_loops_ring, mainiacjoe_overflow_chevrons, st_stairs_13,
          uniq_gastronok
D:9:      layout_layer_cave, riverfiend_overflow_shadow_ancestor, led_xom_imps,
          hiddenorc2_lemuel, hellmonk_ghost_big_iron, hive_lemuel, uniq_erica
Temple:   chequers_temple_sunken

Skill      XL: |  1  2  3  4  5  6  7  8  9 10 |
---------------+-------------------------------+-----
Stealth        | 2 3 4 5 6 |  6.6
Dodging        | 2 3 4 6 |  6.1
Ice Magic      | 4 5 6 |  6.8
Spellcasting   | 3 4 5 6 |  6.0
Fighting       | 1 2 4 5 |  5.6
Long Blades    | 1 2 3 4 5 |  5.0

Action                     |  1- 3 |  4- 6 |  7- 9 | 10-12 || total
---------------------------+-------+-------+-------+-------++-------
  Melee: Hand axe          |    27 |    22 |       |       ||    49
         Unarmed           |     4 |       |       |       ||     4
         Dagger            |    27 |    11 |       |       ||    38
         Long sword        |       |    15 |   135 |    34 ||   184
   Cast: Freeze            |    20 |    10 |     8 |       ||    38
         Frozen Ramparts   |     8 |    20 |    19 |       ||    47
  Evoke: Wand              |       |       |    12 |       ||    12
    Use: Scroll            |       |    10 |     4 |     2 ||    16
         Potion            |       |     1 |     1 |     2 ||     4
   Stab: Sleeping          |     3 |     2 |     4 |     2 ||    11
         Paralysed         |       |       |     2 |       ||     2
         Invisible         |       |       |     3 |       ||     3
 Armour: Robe              |    31 |    49 |   100 |    15 ||   195
         Leather armour    |       |       |       |    11 ||    11
  Dodge: Dodged            |    50 |    35 |    84 |    21 ||   190

Table legend: (Time is in decaauts)
 A = Elapsed time spent in this place.
 B = Non-inter-level travel time spent in this place.
 C = Inter-level travel time spent in this place.
 D = Time resting spent in this place.
 E = Time spent auto-exploring this place.
 F = Levels seen in this place.
 G = Mean time per level.
                   A        B        C        D        E       F      G
               +--------+--------+--------+--------+--------+-----+--------+
         Total |   7895 |   7696 |    199 |   1195 |   5103 |  10 |  789.5 |
       Dungeon |   7865 |   7695 |    170 |   1195 |   5103 |   9 |  873.9 |
        Temple |     29 |      1 |     28 |      0 |      0 |   1 |   29.0 |
               +--------+--------+--------+--------+--------+-----+--------+

Top non-repeatable levels by time:
     D:4: 1367 daAuts
     D:2: 1168 daAuts
     D:1: 1103 daAuts
     D:8: 912 daAuts
     D:6: 896 daAuts
     D:5: 865 daAuts
     D:7: 812 daAuts
     D:3: 628 daAuts
     D:9: 109 daAuts
  Temple: 29 daAuts
